 Dungeon Crawl Stone Soup version 0.32-a0-913-g739538afd8 (webtiles) character file.

Game seed: 15045242097067817953

52 pinewood the Shooter (level 3, -6/28 HPs)
             Began as a Barachi Hunter on Apr 8, 2024.
             Mangled by Natasha (8 damage)
             ... on level 2 of the Dungeon.
             The game lasted 00:07:13 (382 turns).

pinewood the Shooter (Barachi Hunter)                Turns: 382, Time: 00:07:14

Health: -6/28      AC:  3    Str: 12    XL:     3   Next: 85%
Magic:  3/3        EV: 11    Int:  9    God:
Gold:   41         SH:  0    Dex: 17    Spells: 2/2 levels left

rFire   . . .        l - +1 dagger (venom)
rCold   . . .        (no shield)
rNeg    . . .        c - +0 leather armour
rPois   .            (no helmet)
rElec   .            (no cloak)
rCorr   .            (no gloves)
SInv    .            (no boots)
Will    .....        (no amulet)
Stlth   ++           (no ring)
HPRegen 0.24/turn    (no ring)
MPRegen 0.08/turn

%: no passive effects
@: slowed, very slow
A: amphibious, slowness 1, strong legs 1, +LOS
a: Hop


You were on level 2 of the Dungeon.
You visited 1 branch of the dungeon, and saw 2 of its levels.

You collected 41 gold pieces.

Inventory:

Hand Weapons
 a - a +0 shortbow
 i - a +0 dagger
 j - a +0 short sword
 l - a +1 dagger of venom (weapon)
Armour
 c - a +0 leather armour (worn)
Talismans
 g - a flux talisman
Scrolls
 b - a scroll of butterflies
 f - a scroll of teleportation {unknown}
 h - 2 scrolls of fear {unknown}
 k - a scroll of identify {unknown}
Potions
 d - a potion of haste
 e - 2 potions of might {unknown}


   Skills:
 + Level 2.6 Fighting
 + Level 4.7 Ranged Weapons
 + Level 1.6 Armour
 + Level 2.7 Dodging
 + Level 1.0 Stealth


You had 2 spell levels left.
You didn't know any spells.
Your spell library was empty.

Dungeon Overview and Level Annotations

Branches:
Dungeon (2/15)

Altars:

Annotations:
D:2 Natasha


Innate Abilities, Weirdness & Mutations

You are amphibious.
You cover ground slowly.
You can hop short distances.
You have an extended range of vision and can be seen from far away.


Message History

The cerulean imp hits you from afar with a +1 spear.
Natasha mumbles some strange words.
Natasha's front paws start to glow.
Natasha completely misses you.
Fire: a) +0 shortbow
Press: ? - help, Q - select action, (/) - cycle Shift-Dir - straight line, f/p - Natasha
Aim: Natasha (heavily wounded, 56% to hit)
You shoot an arrow.
The arrow hits Natasha but does no damage.
Natasha is heavily wounded.
The bat barely misses you.
The cerulean imp hits you but does no damage.
The cerulean imp hits you from afar with a +1 spear.
Natasha closely misses you.
Your +1 dagger of venom begins to drip with poison!
l - a +1 dagger of venom (weapon)
The bat closely misses you.
The cerulean imp hits you from afar with a +0 spear.
You barely miss Natasha.
Natasha is heavily wounded.
The bat closely misses you. The cerulean imp barely misses you.
Natasha casts a spell at you.
You feel yourself slow down.
The cerulean imp hits you but does no damage.
You hit Natasha but do no damage.
Natasha is heavily wounded.
The bat hits you but does no damage. The cerulean imp barely misses you.
Natasha closely misses you.
The cerulean imp hits you from afar with a +0 spear.
The cerulean imp closely misses you. Natasha claws you.
You closely miss Natasha.
Natasha is heavily wounded.
The bat misses you.
The cerulean imp hits you from afar with a +0 spear.
* * * LOW HITPOINT WARNING * * *
The cerulean imp hits you from afar with a +1 spear.
* * * LOW HITPOINT WARNING * * *
Natasha claws you!
You die...
Natasha begins licking her fur clean.

.......##.......# #.#
....
.......##.......#####.#
.....
...†...##.......##....#
.....
...[...##.......##...†#
......
#.################...†#
...... #.#
#....#....... #.#
####....#....... #.#
#...5...........
#.#######
#.@h5..†........
#.....)<#
#.?.b...........
#.#######
#........####### ###
#####....# #....#
#....# #:...# #....#
######


You could see Natasha, 2 cerulean imps and a bat.

Vanquished Creatures
  Natasha (D:2)
  An adder (D:2)
  A bat (D:1)
  2 giant cockroaches
  2 goblins
  A hobgoblin (D:2)
  2 kobolds (D:1)
  2 quokkas
  2 ball pythons (D:1)
  5 rats
19 creatures vanquished.

Notes
Turn   | Place    | Note
-------+----------+-------------------------------------------
     0 | D:1      | pinewood the Barachi Hunter began the quest for the Orb.
     0 | D:1      | Reached XP level 1. HP: 17/17 MP: 1/1
    25 | D:1      | Reached skill level 1 in Stealth
   196 | D:1      | Reached XP level 2. HP: 9/23 MP: 2/2
   305 | D:2      | Reached skill level 1 in Armour
   323 | D:2      | Reached XP level 3. HP: 28/28 MP: 3/3
   352 | D:2      | Noticed Natasha
   361 | D:2      | Killed Natasha
   370 | D:2      | Noticed Natasha
   382 | D:2      | Mangled by Natasha

Illustrated notes

Levels and vault maps discovered:
D:1:      ncdulo_watergridlock, layout_basic, minmay_cupped
D:2:      layout_basic, uniq_natasha, uniq_crazy_yiuf_cottage

Skill      XL: |  1  2 |
---------------+-------+-----
Stealth        | 1 |  1.0
Armour         | 1 |  1.6
Fighting       | |  2.6
Ranged Weapons | |  4.7
Dodging        | |  2.7

Action                     || total
---------------------------++-------
  Melee: Unarmed           ||     5
         Dagger            ||     3
   Fire: Shortbow          ||    57
Ability: Hop               ||     1
         Begin Untransform ||     1
    Use: Potion            ||     1
 Armour: Leather armour    ||    49
  Dodge: Dodged            ||    44
   Form: Flux              ||     1

Table legend: (Time is in decaauts)
 A = Elapsed time spent in this place.
 B = Non-inter-level travel time spent in this place.
 C = Inter-level travel time spent in this place.
 D = Time resting spent in this place.
 E = Time spent auto-exploring this place.
 F = Levels seen in this place.
 G = Mean time per level.
                   A        B        C        D        E       F      G
               +--------+--------+--------+--------+--------+-----+--------+
         Total |    436 |    436 |      0 |      0 |      0 |   2 |  218.0 |
       Dungeon |    436 |    436 |      0 |      0 |      0 |   2 |  218.0 |
               +--------+--------+--------+--------+--------+-----+--------+

Top non-repeatable levels by time:
     D:1: 324 daAuts
     D:2: 111 daAuts
